cohdb
Replays
Latest Replays
All Replays
Popular Replays
Top Player Replays
Match Explorer
How It Works
Community
CoH3 Stats
Reddit
Sign in to upload your games and track your stats! →
Sign in with Steam
Match 45062182
Unlisted
Match 45062182
Overview
Messages
Build Orders
End
Panzergrenadier Squad
Panzergrenadier Squad
Panzergrenadier Squad
Construct Light Support Kompanie
Selects GrB 39 Grenade Launcher Requisition
Selects Mine Fields
Assault Grenadier Squad
Construct Mechanized Kompanie
Selects Early Warning
250 Light Carrier
Selects Crew Shock Tactics
Panzerpioneer Squad
Fire Support Elements
Panzerpioneer Squad
MG34 Team
Selects Anti-tank Overwatch
Panzerpioneer Squad
Selects Panzerjäger Kommand Battlegroup
Selects Panzerjäger Kommand Battlegroup
CPU - Standard
Ripsy
0
0
Comments
sign in to comment!
No comments posted yet!